 Dungeon Crawl Stone Soup version 0.30-a0-953-g5f1da4a474 (webtiles) character file.

Game seed: 3487450106522362176

539224 cforsyth the Invulnerable (level 27, -1/249 HPs)
             Began as a Formicid Fighter on Mar 29, 2023.
             Was the Champion of Ru.
             Slain by a cyan very ugly thing (15 damage)
             ... on level 2 of the Realm of Zot.
             The game lasted 02:05:53 (85258 turns).

cforsyth the Invulnerable (Formicid Fighter)       Turns: 85258, Time: 02:05:53

Health: -1/249     AC: 53    Str: 38    XL:     27
Magic:  5/23       EV: 14    Int:  7    God:    Ru [******]
Gold:   5744       SH: 21    Dex:  9    Spells: 26/26 levels left

rFire   + . .      SeeInvis +    a - +9 great mace (flame)
rCold   + . .      Faith    .    V - +1 tower shield {reflect}
rNeg    + . .      Spirit   .    N - +15 Maxwell's patent armour {-Cast -Tele rElec Will+ rCorr}
rPois   +          Reflect  +    (helmet unavailable)
rElec   +          Rampage  .    b - +4 dragonskin cloak
rCorr   +          NoCast   +    U - +3 Mad Mage's Maulers {Infuse+∞ VampMP -Cast}
Will    ++++.                    M - +3 pair of boots of Shielding {Will+} Stlth
                                 v - amulet of Zaut {rPois Regen+ rCorr Str+3}
HPRegen 1.41/turn                Q - ring of Bubic {rF+ rC+ Stlth+}
MPRegen 0.18/turn                G - ring of Gozag's Hope {rElec rN+ EV+5 Str+2 Int-3}

@: lethally poisoned (-1 -> -4), studying 2 skills, unable to read, unable to
drink
A: permanent stasis, dig shafts and tunnels, antennae 3, clumsy 2, inability to
drink after injury 2, inability to read after injury 2, no stealth, hated by
all, no air magic, no hexes magic, no translocations magic, four strong arms
}: 3/15 runes: serpentine, barnacled, silver
a: Dig, Shaft Self, Renounce Religion, Draw Out Power, Power Leap, Apocalypse


You were on level 2 of the Realm of Zot.
You worshipped Ru.
Ru was exalted by your worship.
You visited 10 branches of the dungeon, and saw 45 of its levels.
You also visited: Trove, Bailey, Ice Cave and Volcano.

You collected 9297 gold pieces.
You spent 3553 gold pieces at shops.

Inventory:

Hand Weapons
 a - a +9 great mace of flaming (weapon)
Armour
 b - the +4 dragonskin cloak (worn)
   (You took it off Tiamat on level 1 of the Realm of Zot)

   Avatar's Aegis: It grants the wearer a chance to resist fire, cold, poison,
   electricity, acid, and negative energy.
 M - the +3 pair of boots of Shielding (worn) {Will+}
   (You acquired it on level 2 of the Vaults)

   Will:      It increases your willpower.
 N - the +15 Maxwell's patent armour (worn) {-Cast -Tele rElec Will+ rCorr}
   (You found it on level 1 of the Vaults)

   rElec:     It insulates you from electricity.
   -Cast:     It prevents spellcasting.
   -Tele:     It prevents most forms of teleportation.
   rCorr:     It protects you from acid and corrosion.
   Will:      It increases your willpower.
 U - the +3 Mad Mage's Maulers (worn) {Infuse+∞ VampMP -Cast}
   (You acquired it on level 1 of the Orcish Mines)

   Infuse+∞: It empowers its wearer's blows with all of their magic.
   VampMP:    Blows struck in melee replenish the wearer's magic.
   -Cast:     It prevents spellcasting.
 V - a +1 tower shield of reflection (worn)
 Y - a +2 pair of gloves of strength
Jewellery
 k - the ring "Cawusoxt" {rC+ Will+}
   (You found it on level 5 of the Vaults)

   [ring of willpower]

   rC:        It protects you from cold.
   Will:      It increases your willpower.
 r - the ring "Heeclueg" {rF+ MP+9}
   (You found it on level 1 of the Vaults)

   [ring of magical power]

   rF:        It protects you from fire.
   MP:        It affects your magic capacity (+9).
 v - the amulet of Zaut (around neck) {rPois Regen+ rCorr Str+3}
   (You acquired it in a bailey)

   [amulet of regeneration]

   Str:       It affects your strength (+3).
   rPois:     It protects you from poison.
   Regen:     It increases your rate of health regeneration.
   rCorr:     It protects you from acid and corrosion.
 B - a ring of protection from fire
 D - the ring of Omaeruugu {*Corrode rF+ rC+ rN++}
   (You found it on level 5 of the Vaults)

   [ring of protection from cold]

   rF:        It protects you from fire.
   rC:        It protects you from cold.
   rN:        It greatly protects you from negative energy.
   *Corrode:  It may corrode you when you take damage.
 G - the ring of Gozag's Hope (right hand) {rElec rN+ EV+5 Str+2 Int-3}
   (You bought it in a shop on level 3 of the Snake Pit)

   [ring of evasion]

   EV:        It affects your evasion (+5).
   Str:       It affects your strength (+2).
   Int:       It affects your intelligence (-3).
   rElec:     It insulates you from electricity.
   rN:        It protects you from negative energy.
 I - the ring "Dodanioc" {+Blink rCorr EV+5 Dex+3 Slay+2}
   (You found it on level 5 of the Lair of Beasts)

   [ring of evasion]

   EV:        It affects your evasion (+5).
   Dex:       It affects your dexterity (+3).
   Slay:      It affects your accuracy & damage with ranged weapons and melee
   (+2).
   +Blink:    It lets you blink.
   rCorr:     It protects you from acid and corrosion.
 K - the ring of Sez Buts {rC- AC+4 Dex+5 Slay+3}
   (You found it on level 3 of the Snake Pit)

   [ring of protection]

   AC:        It affects your AC (+4).
   Dex:       It affects your dexterity (+5).
   Slay:      It affects your accuracy & damage with ranged weapons and melee
   (+3).
   rC:        It makes you vulnerable to cold.
 L - a ring of flight
 Q - the ring of Bubic (left hand) {rF+ rC+ Stlth+}
   (You found it on level 10 of the Dungeon)

   [ring of protection from cold]

   rF:        It protects you from fire.
   rC:        It protects you from cold.
   Stlth:     It makes you more stealthy.
 W - the ring "Dupt" {rC+ rN+ Will- Dex+3}
   (You found it in a treasure trove)

   [ring of positive energy]

   Dex:       It affects your dexterity (+3).
   rC:        It protects you from cold.
   rN:        It protects you from negative energy.
   Will:      It decreases your willpower.
 X - a ring of wizardry
Wands
 n - a wand of light (23)
 t - a wand of roots (29)
 C - a wand of flame (59)
 J - a wand of digging (16)
 P - a wand of paralysis (27)
 T - a wand of polymorph (17)
 Z - a wand of mindburst (20)
Scrolls
 c - 4 scrolls of brand weapon
 i - 9 scrolls of fear
 m - 5 scrolls of magic mapping
 p - 4 scrolls of immolation
 s - 11 scrolls of enchant weapon
 u - 10 scrolls of vulnerability
 x - 5 scrolls of silence
 A - 6 scrolls of fog
 E - 8 scrolls of poison
 H - 3 scrolls of torment
 O - 9 scrolls of enchant armour
Potions
 d - 6 potions of might
 e - 23 potions of curing
 f - 10 potions of ambrosia
 g - 5 potions of flight
 h - 8 potions of attraction
 j - 6 potions of magic
 o - 6 potions of resistance
 q - 10 potions of lignification
 w - 8 potions of heal wounds
 z - 4 potions of cancellation
 F - 10 potions of mutation
 R - 4 potions of brilliance
 S - 5 potions of invisibility
Miscellaneous
 l - a lightning rod (4/4)
 y - a phial of floods


   Skills:
 O Level 27 Fighting
 + Level 26.4 Maces & Flails
 O Level 27 Armour
 + Level 21.3 Shields
 - Level 14.0 Evocations


You had 26 spell levels left.
You didn't know any spells.
Your spell library contained the following spells:

 Spells                   Type           Power      Damage    Failure   Level
 Beastly Appendage        Tmut           0%         N/A       86%         1
 Freeze                   Ice            0%         1d3       86%         1
 Kiss of Death            Conj/Necr      0%         2d5       86%         1
 Sublimation of Blood     Necr           0%         N/A       94%         2
 Wereblood                Tmut           0%         N/A       94%         2
 Frozen Ramparts          Ice            0%         1d1       99%         3
 Hailstorm                Conj/Ice       0%         3d3       99%         3
 Ignite Poison            Fire/Tmut/Pois 0%         N/A       99%         3
 Ozocubu's Armour         Ice            0%         N/A       99%         3
 Spider Form              Tmut/Pois      0%         N/A       99%         3
 Stone Arrow              Conj/Erth      0%         3d7       99%         3
 Dispel Undead            Necr           0%         3d6       100%        4
 Flame Wave               Conj/Fire      0%         2d4       100%        4
 Ice Form                 Ice/Tmut       0%         N/A       100%        4
 Olgreb's Toxic Radiance  Pois           0%         N/A       100%        4
 Petrify                  Tmut/Erth      0%         N/A       100%        4
 Sticky Flame             Conj/Fire      0%         2d3       100%        4
 Agony                    Necr           0%         N/A       100%        5
 Alistair's Intoxication  Tmut/Pois      0%         N/A       100%        5
 Blade Hands              Tmut           0%         N/A       100%        5
 Fireball                 Conj/Fire      0%         3d3       100%        5
 Irradiate                Conj/Tmut      0%         3d11      100%        5
 Iskenderun's Battlesphe  Conj           0%         2d6       100%        5
 Lee's Rapid Deconstruct  Erth           0%         3d4*      100%        5
 Starburst                Conj/Fire      0%         6d3       100%        6
 Statue Form              Tmut/Erth      0%         N/A       100%        6
 Dragon Form              Tmut           0%         N/A       100%        7
 Orb of Destruction       Conj           0%         9d5       100%        7
 Ozocubu's Refrigeration  Ice            0%         4d7       100%        7
 Ignition                 Fire           0%         3d3       100%        8
 Lehudib's Crystal Spear  Conj/Erth      0%         10d2      100%        8
 Shatter                  Erth           0%         3d5*      100%        9
 Apportation              Tloc           Unusable   N/A       N/A         1
 Shock                    Conj/Air       Unusable   1d3       N/A         1
 Cigotuvi's Dreadful Rot  Necr/Pois/Air  Unusable   N/A       N/A         2
 Call Canine Familiar     Summ           Unusable   N/A       N/A         3
 Confusing Touch          Hex            Unusable   N/A       N/A         3
 Dazzling Flash           Conj/Hex       Unusable   N/A       N/A         3
 Inner Flame              Hex/Fire       Unusable   N/A       N/A         3
 Kindle Blastsparks       Fire/Tloc/Air  Unusable   2d10      N/A         3
 Portal Projectile        Hex/Tloc       Unusable   N/A       N/A         3
 Swiftness                Air            Unusable   N/A       N/A         3
 Airstrike                Air            Unusable   2d(0-16)  N/A         4
 Cause Fear               Hex            Unusable   N/A       N/A         4
 Fulminant Prism          Conj/Hex       Unusable   3d5       N/A         4
 Iskenderun's Mystic Bla  Conj/Tloc      Unusable   2d3       N/A         4
 Leda's Liquefaction      Hex/Erth       Unusable   N/A       N/A         4
 Passage of Golubria      Tloc           Unusable   N/A       N/A         4
 Summon Ice Beast         Ice/Summ       Unusable   N/A       N/A         4
 Freezing Cloud           Conj/Ice/Air   Unusable   6-21      N/A         5
 Metabolic Englaciation   Hex/Ice        Unusable   N/A       N/A         5
 Silence                  Hex/Air        Unusable   N/A       N/A         5
 Conjure Ball Lightning   Conj/Air       Unusable   3x3d6     N/A         6
 Death Channel            Necr           Unusable   N/A       N/A         6
 Simulacrum               Ice/Necr       Unusable   N/A       N/A         6
 Haunt                    Necr/Summ      Unusable   N/A       N/A         7
 Infestation              Necr           Unusable   N/A       N/A         8
 Dragon's Call            Summ           Unusable   N/A       N/A         9

Dungeon Overview and Level Annotations

Branches:
Dungeon (15/15)            Temple (1/1) D:7            Lair (5/5) D:10
 Shoals (4/4) Lair:3        Snake (4/4) Lair:2        Slime (0/5) Lair:4
    Orc (2/2) D:10            Elf (3/3) Orc:2        Vaults (5/5) D:14
  Crypt (0/3) Vaults:2     Depths (4/4) D:15            Zot (2/5) Depths:4
 Bailey (visited)           IceCv (visited)         Volcano (visited)

Altars:
Ashenzari
Cheibriados
Elyvilon
Gozag
Kikubaaqudgha
Makhleb
Nemelex Xobeh
Okawaru
Qazlal
Ru
Sif Muna
Uskayaw
Vehumet
Wu Jian
Xom
The Shining One

Shops:
D:1 (([   D:4 *   D:9 ?   D:10 =   Orc:1 *   Orc:2 ([*:   Elf:2 ?   Shoals:2 ?
Snake:1 :([   Snake:3 (*?*!   Snake:4 :   Vaults:2 ?   Vaults:3 ?   Vaults:4 :
Vaults:5 ?   Depths:3 [   Depths:4 *

Portals:
Hell: Depths:1 Depths:2 Depths:3 Depths:4
Abyss: Depths:1 Depths:2 Depths:3 Depths:4
Pandemonium: Depths:2 Depths:3 Depths:4
Ziggurat: Depths:3

Annotations:
Shoals:2 6 transporters


Innate Abilities, Weirdness & Mutations

You cannot be hasted, slowed, berserked, paralysed or teleported.
You can dig through walls and to a lower floor.
You have a pair of large antennae on your head. (SInv)
You are very clumsy. (Dex -4)
You sometimes lose the ability to drink potions when taking damage.
You sometimes lose the ability to read scrolls when taking damage.
You cannot be stealthy.
You are hated by all.
You cannot study or cast Air magic.
You cannot study or cast Hexes magic.
You cannot study or cast Translocations magic.
Your four strong arms can wield two-handed weapons with a shield.


Message History

You burn the ghostly storm dragon!
The ghostly storm dragon is almost destroyed.
You feel very sick.
You block the guardian serpent's attack.
You block the ghostly storm dragon's attack. x2
The ghostly storm dragon closely misses you.
The cyan ugly thing claws you but does no damage.
You redirect the guardian serpent's attack!
The guardian serpent closely misses you.
You flatten the ghostly storm dragon like a pancake!!!
You burn the ghostly storm dragon.
You destroy the ghostly storm dragon!
You feel very sick.
The guardian serpent begins to cast a spell, but is stunned by your conviction!
The guardian serpent coils itself and waves its upper body at you.
The cyan very ugly thing blinks!
A cyan very ugly thing comes into view.
The cyan ugly thing stings you but does no damage.
You redirect the cyan ugly thing's attack!
The cyan ugly thing claws itself.
The cyan very ugly thing gurgles horribly!
You thump the cyan ugly thing! You burn the cyan ugly thing.
The cyan ugly thing is moderately wounded.
You feel very sick. The guardian serpent barely misses you.
You block the guardian serpent's attack.
A boggart comes into view. It is carrying a wand of flame (13).
The cyan very ugly thing completely misses you.
The cyan ugly thing stings you but does no damage.
The cyan ugly thing claws you but does no damage.
The guardian serpent begins to cast a spell, but is stunned by your conviction!
You beat the cyan ugly thing like a drum!!!
You burn the cyan ugly thing.
The cyan ugly thing is almost dead.
You feel very sick.
The guardian serpent begins to cast a spell, but is stunned by your conviction!
A tentacled monstrosity comes into view.
The boggart mumbles some strange words.
The cyan very ugly thing kicks you!
You die...

*** ##### #,#** ####..#
##.#.* *.#...# #..'.#*
#####....# #
##..'.u######.....# #
##..u.S@S.........# #
**#qgX##.uu.......).# #
**#,,,,##...........#
#####****,,,,,*##.......#..#
....#,,,,,,,,,,*###..[###..#
....#{,,,,,,,,,,**#######..#
..###**,,,,,,,,,*,*,* #..#
.##*,***,,,,,,,,*,,,* #..#
.#,*,*,*,,,,,,,,**,**** #..#


You could see a tentacled monstrosity, 2 very ugly things, a white draconian
stormcaller (summoned), 2 ugly things, 2 guardian serpents and a boggart.

Vanquished Creatures
  Tiamat (Zot:1)
  A dread lich (Vaults:5)
  Mennas (Depths:4)
  An ancient lich (Vaults:4)
  2 juggernauts
  Mara (Elf:3)
  A caustic shrike (Depths:2)
  Saint Roka (Snake:3)
  Margery (Vaults:2)
  The ghost of dolemite99 the Slayer, an adept HOFi of the Shining One (Elf:3)
  5 golden dragons
  the Enchantress (Depths:4)
  2 electric golems
  12 tentacled monstrosities
  Jorgrun (Orc:2)
  Mlioglotl (Snake:2)
  Zenata (Elf:1)
  A walking earthen tome (Depths:3)
  4 liches
  6 titans
  Asterion (Elf:1)
  4 deep elf master archers (Elf:3)
  3 quicksilver dragons
  6 sphinxes
  3 deep elf blademasters
  3 death cobs
  A quicksilver dragon (shapeshifter) (Vaults:5)
  Agnes (Snake:2)
  8 tengu reavers
  9 shadow dragons
  Kirke (Snake:1)
  A storm dragon (shapeshifter) (Zot:2)
  The ghost of Epnykkedd the Fighter, an adept OpVM of Vehumet (Snake:3)
  A draconian monk (Zot:1)
  Roxanne (Snake:2)
  8 storm dragons
  2 draconian knights (Zot:2)
  Donald (Elf:3)
  A fenstrider witch (Shoals:1)
  5 nagarajas
  The ghost of mandarbmax the Slicer, an adept VSFi of Hepliaklqana (Snake:4)
  7 fire giants
  7 frost giants
  2 draconian scorchers (Depths:4)
  6 deep elf sorcerers
  16 vault wardens
  Louise (Shoals:4)
  A ghost moth (Vaults:1)
  2 iron dragons
  5 deep elf elementalists (Elf:3)
  2 orc warlords
  A balrug (Depths:1)
  Aizul (Shoals:2)
  A draconian stormcaller (Zot:2)
  3 draconian shifters
  4 spriggan defenders
  17 stone giants
  6 draconian annihilators
  A reaper (Depths:4)
  5 ironbound thunderhulks
  13 very ugly things
  4 war gargoyles
  5 black draconians
  5 green draconians
  16 ironbound preservers
  6 vampire knights
  8 deep elf demonologists
  7 yellow draconians
  8 deep elf annihilators
  9 dire elephants
  7 purple draconians
  5 white draconians
  2 spark wasps (Depths:2)
  12 deep elf death magi
  The ghost of dufus the Nimble, a journeyman GnMo of Cheibriados (D:11)
  7 red draconians
  16 ettins
  2 crystal guardians
  6 merfolk impalers
  2 blizzard demons
  9 fire dragons
  2 entropy weavers
  6 merfolk javelineers
  14 yaktaur captains
  9 great orbs of eyes
  3 rakshasas
  6 deep elf high priests
  2 peacekeepers
  12 ironbound frosthearts
  3 salamander tyrants
  4 spriggan air magi
  A catoblepas (D:13)
  11 ice dragons
  5 centaur warriors
  33 vault guards
  3 ogre magi
  5 hydras
  30 dancing weapons
  A merfolk avatar (Lair:5)
  13 anacondas
  A death knight (D:11)
  6 two-headed ogres
  6 boulder beetles
  7 deep troll shamans
  11 death yaks
  15 naga warriors
  3 spriggan berserkers
  7 tengu warriors
  A vampire mage (Depths:4)
  5 merfolk aquamancers
  11 naga sharpshooters
  10 deep troll earth magi
  15 shock serpents
  A hell hog (Depths:1)
  6 orc high priests
  13 hell knights
  A sun demon (Depths:2)
  8 iron trolls
  16 deep elf knights
  2 shadow wraiths
  3 spectral salamanders (Snake:4)
  5 skysharks
  2 soul eaters
  9 salamander mystics
  Amaemon (D:10)
  4 glowing orange brains
  A flayed ghost (Depths:2)
  9 skeletal warriors
  10 sea snakes
  56 deep trolls
  9 naga ritualists
  The ghost of NinjaNoafa the Summoner, a novice FeSu of Gozag (D:11)
  4 wizards
  5 phantasmal warriors
  16 lindwurms
  8 harpies
  12 orc knights
  12 deep elf archers
  31 deep elf zephyrmancers
  A harpy (shapeshifter) (D:14)
  19 ironbound convokers
  6 cyclopes
  38 deep elf pyromancers
  51 ugly things
  A tengu skeleton (Vaults:2)
  9 mana vipers
  5 necromancers
  25 salamanders
  A mana viper (shapeshifter) (Vaults:4)
  11 moths of wrath
  3 orc sorcerers
  8 manticores
  2 ice statues (IceCv)
  11 water nymphs
  A rust devil (Depths:4)
  24 naga magi
  A spectral shock serpent (Snake:4)
  4 elephants
  4 guardian serpents
  An apocalypse crab (Zot:2)
  Maurice (D:10)
  A torpor snail (Lair:3)
  39 black mambas
  2 merfolk sirens (Shoals:2)
  2 orange demons
  4 kobold demonologists
  A gargoyle (D:11)
  3 smoke demons
  5 rime drakes
  11 cane toads
  10 komodo dragons
  13 vault sentinels
  An efreet (D:14)
  An unseen horror (D:12)
  47 yaktaurs
  3 tengu conjurers
  An anaconda simulacrum (Snake:4)
  An ice devil (Depths:2)
  3 freezing wraiths
  2 harpy zombies (Zot:2)
  11 trolls
  A queen bee (D:10)
  3 meliai (D:14)
  4 red devils
  22 merfolk
  A merfolk (shapeshifter) (Depths:2)
  A hellwing (Depths:3)
  7 hornets
  8 wind drakes
  2 polar bears
  Prince Ribbit (D:6)
  A raiju (Zot:2)
  A snapping turtle (shapeshifter) (Elf:3)
  17 dream sheep
  5 large abominations (D:15)
  8 blink frogs
  10 slime creatures
  14 snapping turtles
  A jumping spider (Vaults:2)
  5 air elementals
  Sigmund (D:2)
  3 spriggans (Depths:4)
  A culicivora (shapeshifter) (D:15)
  A shadow (D:10)
  6 wyverns
  9 wraiths
  39 yaks
  A vampire (D:11)
  An ettin skeleton (Vaults:2)
  3 hogs (Snake:1)
  20 water elementals
  20 humans
  Grum (D:8)
  5 basilisks
  A fire elemental (Elf:3)
  5 redbacks
  Menkaure (D:5)
  2 steam dragons (Lair:5)
  A death yak simulacrum (IceCv)
  A mana viper simulacrum (Snake:4)
  An elf skeleton (Vaults:2)
  12 vampire mosquitoes
  41 nagas
  2 wargs (Orc:2)
  Edmund (D:4)
  2 acid dragons
  16 water moccasins
  2 glowing shapeshifter skeletons (Vaults:2)
  53 orc warriors
  A floating eye (Depths:1)
  2 sky beasts (D:6)
  A black bear (D:8)
  5 ogres
  23 wolves
  8 centaurs
  5 kobold brigands
  7 small abominations (D:15)
  13 bullfrogs
  2 earth elementals (Elf:1)
  3 gnoll sergeants
  A scorpion (D:10)
  5 human skeletons (Vaults:2)
  3 wights
  2 spectral nagas (Snake:4)
  34 killer bees
  An elephant simulacrum (IceCv)
  5 electric eels
  9 howler monkeys
  3 lava snakes (Lair:2)
  A gnoll bouda (D:5)
  3 hounds
  18 orc priests
  4 jellies
  Jessica (D:2)
  Natasha (twice) (D:4)
  A sleepcap (D:8)
  2 iguanas (D:4)
  16 orc wizards
  6 hell rats (Lair:5)
  A scorpion zombie (D:2)
  A polar bear simulacrum (IceCv)
  A wolf simulacrum (IceCv)
  A hound zombie (D:2)
  8 adders
  22 gnolls
  A naga simulacrum (Snake:4)
  A white imp (D:6)
  An adder zombie (D:2)
  An adder skeleton (D:2)
  2 worms (D:2)
  A dart slug (D:1)
  80 orcs
  8 ball pythons
  A bat zombie (D:2)
  7 endoplasms
  2 giant cockroaches (D:1)
  15 goblins
  10 hobgoblins
  7 jackals (D:3)
  4 quokkas
  4 ball python skeletons (D:2)
  A ball python zombie (D:2)
  8 bats
  2 giant cockroach zombies (D:2)
  A jackal skeleton (D:2)
  27 kobolds
  3 quokka skeletons (D:2)
  A quokka zombie (D:2)
  3 rats (D:2)
2015 creatures vanquished.

Vanquished Creatures (others)
  A lich (Vaults:4)
  A death cob (Zot:1)
  A fire giant (Depths:2)
  A frost giant (Vaults:5)
  A nagaraja (Snake:3)
  A draconian stormcaller (Zot:1)
  A stone giant (Vaults:5)
  A very ugly thing (Depths:1)
  A dire elephant (Vaults:4)
  A deep troll shaman (Depths:2)
  A naga warrior (Snake:4)
  A dancing weapon (Elf:2)
  A naga sharpshooter (Snake:3)
  A deep troll (Vaults:2)
  A deep elf archer (Elf:3)
  An orc knight (Vaults:4)
  An ugly thing (D:14)
  A freezing wraith (D:11)
  A spectral mana viper (Snake:4)
  A merfolk (Shoals:4)
  A spriggan (Depths:4)
  A wyvern (D:8)
  A human (D:14)
  A naga (Snake:4)
  3 boggarts (Zot:2)
  A centaur (D:15)
  A cane toad simulacrum (IceCv)
  An orc (Vaults:5)
  11 bushes (Depths:1)
  58 fungi
  90 plants
  6 withered plants
195 creatures vanquished.

Grand Total: 2210 creatures vanquished

Notes
Turn   | Place    | Note
-------+----------+-------------------------------------------
     0 | D:1      | cforsyth the Formicid Fighter began the quest for the Orb.
     0 | D:1      | Reached XP level 1. HP: 18/18 MP: 1/1
    15 | D:1      | Found Jifem's Armour Shoppe.
   283 | D:1      | Reached XP level 2. HP: 23/24 MP: 2/2
   427 | D:1      | Found Niqiff's Weapon Shop.
   514 | D:1      | Found Vietuife's Antique Weapon Boutique.
   664 | D:1      | Reached XP level 3. HP: 29/29 MP: 3/3
   841 | D:2      | Noticed Jessica
   852 | D:2      | Killed Jessica
   853 | D:2      | Reached XP level 4. HP: 22/37 MP: 4/4
  1066 | D:2      | Noticed Sigmund
  1073 | D:2      | Killed Sigmund
  1074 | D:2      | Reached skill level 5 in Maces & Flails
  1074 | D:2      | Reached XP level 5. HP: 27/43 MP: 5/5
  1074 | D:2      | Reached XP level 6. HP: 31/50 MP: 6/6
  1295 | D:2      | Reached skill level 5 in Fighting
  1929 | D:3      | Found a snail-covered altar of Cheibriados.
  2237 | D:4      | Reached XP level 7. HP: 40/56 MP: 7/7
  2338 | D:4      | You fall into a shaft and drop 1 floor!
  2338 | D:5      | Entered Level 5 of the Dungeon
  3703 | D:4      | Noticed Natasha
  3710 | D:4      | Killed Natasha
  3825 | D:4      | Found Iwnuzoc's CLEARANCE SALE!.
  3897 | D:4      | Noticed Natasha
  3902 | D:4      | Killed Natasha
  4270 | D:4      | Noticed Edmund
  4280 | D:4      | Killed Edmund
  4281 | D:4      | Reached XP level 8. HP: 20/64 MP: 8/8
  4576 | D:5      | Noticed Menkaure
  4579 | D:5      | Killed Menkaure
  5248 | D:6      | Reached XP level 9. HP: 69/72 MP: 9/9
  5400 | D:6      | Found a burning altar of Makhleb.
  5503 | D:6      | Noticed Prince Ribbit
  5515 | D:6      | Killed Prince Ribbit
  6020 | D:7      | Found a flagged portal.
  6033 | Bailey   | Entered a bailey
  6085 | Bailey   | Reached skill level 10 in Maces & Flails
  6613 | Bailey   | Acquired the amulet of Zaut {rPois Regen+ rCorr Str+3}
  6625 | Bailey   | Acquired 797 gold pieces
  6627 | Bailey   | Acquired a manual of Fighting
  6876 | Bailey   | Noticed a kobold demonologist
  6887 | Bailey   | Killed a kobold demonologist
  6888 | Bailey   | Reached XP level 10. HP: 81/83 MP: 10/10
  7229 | Bailey   | Noticed an orc knight
  7230 | Bailey   | Found an iron altar of Okawaru.
  7231 | Bailey   | Noticed a kobold demonologist
  7260 | Bailey   | Killed a kobold demonologist
  7261 | Bailey   | Reached skill level 10 in Fighting
  7266 | Bailey   | HP: 4/85 [orc knight/+0 war axe (10)]
  7267 | Bailey   | Killed an orc knight
  7511 | Bailey   | Identified the +1 scale mail of the Wasteland {MP+9}
  7844 | D:7      | Found a staircase to the Ecumenical Temple.
  7849 | Temple   | Entered the Ecumenical Temple
  7880 | Temple   | Became a worshipper of Ru the Awakened
  8023 | D:7      | Found a shimmering altar of Xom.
  9087 | D:8      | Gained mutation: You are hated by all. [Ru sacrifice]
  9087 | D:8      | Reached * piety under Ru
  9087 | D:8      | Reached ** piety under Ru
  9394 | D:9      | Reached XP level 11. HP: 88/95 MP: 11/11
  9422 | D:9      | Noticed a boulder beetle
  9585 | D:8      | Killed a boulder beetle
  9833 | D:9      | Noticed Grum
  9868 | D:9      | Found Emmenot's Magic Scroll Boutique.
  9915 | D:8      | Killed Grum
 10963 | D:10     | Entered Level 10 of the Dungeon
 11023 | D:10     | Reached skill level 5 in Shields
 11123 | D:10     | Identified the ring of Bubic {rF+ rC+ Stlth+}
 11149 | D:10     | Noticed Maurice
 11356 | D:10     | Killed Maurice
 11433 | D:10     | Found Vuthis's Jewellery Emporium.
 11528 | D:10     | Noticed a two-headed ogre
 11543 | D:10     | Killed a two-headed ogre
 11544 | D:10     | Reached skill level 5 in Armour
 11575 | D:10     | Found a staircase to the Lair.
 11633 | D:10     | Noticed Amaemon
 11645 | D:10     | Killed Amaemon
 11646 | D:10     | Reached XP level 12. HP: 108/108 MP: 12/12
 11928 | D:10     | Found a staircase to the Orcish Mines.
 12073 | D:10     | Reached skill level 15 in Fighting
 12180 | D:10     | Gained mutation: You cannot study or cast Air magic. [Ru
                  | sacrifice]
 12180 | D:10     | Gained mutation: You cannot study or cast Hexes magic. [Ru
                  | sacrifice]
 12180 | D:10     | Gained mutation: You cannot study or cast Translocations
                  | magic. [Ru sacrifice]
 12180 | D:10     | Reached *** piety under Ru
 12427 | D:11     | Found a runed translucent gate.
 12428 | D:11     | Found a runed translucent gate.
 12428 | D:11     | Found a runed translucent gate.
 12953 | D:11     | Noticed NinjaNoafa's ghost (novice FeSu)
 12953 | D:11     | Noticed dufus's ghost (journeyman GnMo)
 13467 | D:12     | Noticed a death knight
 13477 | D:11     | Killed a death knight
 13821 | D:12     | Noticed a boulder beetle
 13839 | D:12     | Killed a boulder beetle
 13840 | D:12     | Reached XP level 13. HP: 94/117 MP: 13/13
 13841 | D:12     | Reached skill level 10 in Shields
 14104 | Lair:1   | Entered Level 1 of the Lair of Beasts
 14107 | Lair:1   | Acquired a manual of Shields
 14963 | Lair:2   | Found a dark tunnel.
 14968 | Volcano  | Entered a volcano
 15426 | Lair:2   | Reached skill level 10 in Armour
 15477 | Lair:2   | Found a staircase to the Snake Pit.
 16276 | Lair:3   | Found a staircase to the Shoals.
 16290 | Lair:3   | Reached XP level 14. HP: 114/125 MP: 14/14
 16336 | Lair:3   | Reached skill level 15 in Maces & Flails
 16481 | Lair:3   | Reached skill level 15 in Shields
 17091 | Lair:4   | Found a staircase to the Slime Pits.
 17152 | Lair:4   | Got the Compilation of Fey Mud
 17677 | Lair:5   | Entered Level 5 of the Lair of Beasts
 17789 | Lair:5   | Noticed a dire elephant
 17804 | Lair:4   | Killed a dire elephant
 18653 | Lair:5   | Reached XP level 15. HP: 121/131 MP: 15/15
 19256 | Lair:5   | Identified the ring "Dodanioc" {+Blink rCorr EV+5 Dex+3
                  | Slay+2}
 19449 | Orc:1    | Entered Level 1 of the Orcish Mines
 19449 | Orc:1    | Found a frozen archway.
 19559 | IceCv    | Entered an ice cave
 19711 | IceCv    | Found a transporter.
 19724 | IceCv    | Found a transporter.
 20053 | Orc:1    | Found Xicvoun's General Store.
 20067 | Orc:1    | Bought a scroll of acquirement for 676 gold pieces
 20067 | Orc:1    | Acquired the +3 Mad Mage's Maulers {Infuse+∞ VampMP -Cast}
 20067 | Orc:1    | Found the +3 Mad Mage's Maulers {Infuse+∞ VampMP -Cast}
 20160 | Orc:2    | Entered Level 2 of the Orcish Mines
 20170 | Orc:2    | Found Jes Usk's General Store.
 20329 | Orc:2    | Noticed Jorgrun
 20337 | Orc:2    | Killed Jorgrun
 20629 | Orc:2    | Found Wofesyurr's Antique Weapon Shop.
 20629 | Orc:2    | Noticed an orc warlord
 20929 | Orc:2    | Killed an orc warlord
 21241 | Orc:2    | Found Femup's Antique Armour Shoppe.
 21255 | Orc:2    | Found Bef Gir's Book Emporium.
 21560 | Orc:2    | Found a staircase to the Elven Halls.
 21669 | Orc:2    | Gained mutation: You are clumsy. (Dex -2) [Ru sacrifice]
 22595 | D:11     | Killed NinjaNoafa's ghost
 22599 | D:11     | Killed dufus's ghost
 22921 | D:13     | Found a portal to a secret trove of treasure.
 22941 | D:13     | You paid a toll of 5 potions of resistance to enter a
                  | treasure trove
 22942 | Trove    | Entered a treasure trove
 22952 | Trove    | Identified the ring "Dupt" {rC+ rN+ Will- Dex+3}
 22958 | Trove    | Identified the ring of Reemn {MP+9 Int+2}
 22968 | Trove    | Identified the +0 spear "Wiaqauwu" {holy, rF- rN+++ Int+6
                  | Stlth-}
 23113 | D:13     | Identified the +3 leather armour of Daklacobb {Str+8 Int-3
                  | Dex+4 SInv}
 23176 | D:13     | Reached XP level 16. HP: 121/139 MP: 7/16
 23566 | D:13     | Identified the +5 whip "Ehelyl" {speed, Str+4 Int-5}
 25286 | D:13     | Reached skill level 15 in Armour
 25589 | D:14     | Gained mutation: You occasionally lose the ability to drink
                  | potions when taking damage. [Ru sacrifice]
 25589 | D:14     | Gained mutation: You sometimes lose the ability to drink
                  | potions when taking damage. [Ru sacrifice]
 25589 | D:14     | Reached **** piety under Ru
 26557 | D:14     | Found a gate to the Vaults.
 26593 | D:15     | Entered Level 15 of the Dungeon
 26950 | D:15     | Found a radiant altar of Vehumet.
 26985 | D:15     | Reached XP level 17. HP: 143/149 MP: 4/17
 27423 | D:15     | Found a staircase to the Depths.
 27570 | D:15     | Identified the staff of death "Opseth" {Fly rN+ Stlth+}
 27827 | Snake:1  | Entered Level 1 of the Snake Pit
 28072 | Snake:1  | Noticed Kirke
 28087 | Snake:1  | Killed Kirke
 28250 | Snake:1  | Found Wucet's Antique Armour Emporium.
 28252 | Snake:1  | Found Eruuggem's Weapon Shoppe.
 28255 | Snake:1  | Found Abbont's Book Emporium.
 29559 | Snake:2  | Noticed Agnes
 29561 | Snake:2  | Killed Agnes
 30024 | Snake:2  | Noticed Roxanne
 30177 | Snake:2  | Noticed Mlioglotl
 30276 | Snake:2  | Killed Mlioglotl
 31085 | Snake:2  | Acquired 1272 gold pieces
 31373 | Snake:2  | Killed Roxanne
 31507 | Snake:3  | Reached XP level 18. HP: 159/159 MP: 5/18
 31944 | Snake:3  | Found a transporter.
 32033 | Snake:3  | Found a transporter.
 32036 | Snake:3  | Noticed Epnykkedd's ghost (adept OpVM)
 32110 | Snake:4  | Entered Level 4 of the Snake Pit
 32818 | Snake:3  | Noticed Saint Roka
 33657 | Snake:3  | Killed Saint Roka
 34295 | Snake:3  | Found Titaosch's Magic Scroll Shop.
 34297 | Snake:3  | Found Olijoku's Weapon Shop.
 34300 | Snake:3  | Found Lonofetu's General Store.
 34385 | Snake:3  | Found Neiqac's Assorted Antiques.
 34388 | Snake:3  | Found Uttoecha's Distillery.
 34392 | Snake:3  | Bought a twitching golden ring for 165 gold pieces
 34392 | Snake:3  | Identified the ring of Gozag's Hope {rElec rN+ EV+5 Str+2
                  | Int-3} (You bought it in a shop on level 3 of the Snake
                  | Pit)
 34404 | Snake:3  | Bought a scroll of enchant armour for 105 gold pieces
 35172 | Snake:4  | Found a runed translucent gate.
 35173 | Snake:4  | Found a runed translucent gate.
 35174 | Snake:4  | Found a runed translucent gate.
 35175 | Snake:4  | Noticed mandarbmax's ghost (adept VSFi)
 35777 | Snake:4  | Reached XP level 19. HP: 168/168 MP: 5/19
 36483 | Snake:4  | Found Josil's Book Emporium.
 36491 | Snake:4  | Bought a manual of Armour for 1200 gold pieces
 36794 | Snake:4  | Got a serpentine rune of Zot
 37054 | Shoals:1 | Entered Level 1 of the Shoals
 38147 | Shoals:1 | Found an iron altar of Okawaru.
 38401 | Shoals:2 | Found Jeomay's Magic Scroll Emporium.
 38544 | Shoals:2 | Bought a scroll of enchant armour for 105 gold pieces
 38544 | Shoals:2 | Bought a scroll of enchant armour for 105 gold pieces
 38544 | Shoals:2 | Bought a scroll of enchant armour for 105 gold pieces
 38667 | Shoals:2 | Noticed Aizul
 38683 | Shoals:2 | Killed Aizul
 38795 | Shoals:2 | Found a transporter.
 38803 | Shoals:2 | Found a transporter.
 38946 | Shoals:2 | Found a transporter.
 38949 | Shoals:2 | Found a transporter.
 39356 | Shoals:2 | Found a transporter.
 39361 | Shoals:2 | Found a transporter.
 39960 | Shoals:3 | Got the Grimoire of Reshaped Allies
 41162 | Shoals:4 | Entered Level 4 of the Shoals
 42032 | Shoals:4 | Noticed a titan
 42046 | Shoals:4 | Killed a titan
 42154 | Shoals:4 | Got a barnacled rune of Zot
 43138 | Shoals:4 | Noticed Louise
 43327 | Shoals:4 | Killed Louise
 43439 | Shoals:4 | Gained mutation: You occasionally lose the ability to read
                  | scrolls when taking damage. [Ru sacrifice]
 43439 | Shoals:4 | Gained mutation: You sometimes lose the ability to read
                  | scrolls when taking damage. [Ru sacrifice]
 43439 | Shoals:4 | Reached ***** piety under Ru
 43752 | Shoals:3 | Reached XP level 20. HP: 175/176 MP: 5/20
 44163 | Vaults:1 | Entered Level 1 of the Vaults
 45308 | Vaults:1 | Identified the +3 short sword of Unemor {freeze, Fragile
                  | rN+ rCorr}
 46001 | Vaults:1 | Found the +15 Maxwell's patent armour {-Cast -Tele rElec
                  | Will+ rCorr}
 46178 | Vaults:1 | Identified the ring "Heeclueg" {rF+ MP+9}
 47039 | Vaults:2 | Found Bosot's Magic Scroll Emporium.
 47048 | Vaults:2 | Bought a scroll of acquirement for 1092 gold pieces
 47059 | Vaults:2 | Acquired the +3 pair of boots of Shielding {Will+}
 47230 | Vaults:2 | Found a staircase to the Crypt.
 47626 | Vaults:2 | Noticed Margery
 47661 | Vaults:2 | Killed Margery
 47920 | Vaults:2 | Reached XP level 21. HP: 188/188 MP: 6/21
 51523 | Vaults:3 | Found Ywusmobb's Magic Scroll Shop.
 51579 | Vaults:3 | Identified the orb "Ruqi" {*channel, -Tele Rampage Dex+5}
 53664 | Vaults:4 | Reached XP level 22. HP: 198/198 MP: 3/22
 53681 | Vaults:4 | Identified the +3 chain mail of the Pits of Slime {-Cast
                  | rC+ Dex+3}
 54124 | Vaults:4 | Found Gezychou's Book Shoppe.
 55116 | Elf:1    | Entered Level 1 of the Elven Halls
 55116 | Elf:1    | Found a runed translucent gate.
 55116 | Elf:1    | Found a runed translucent gate.
 55116 | Elf:1    | Found a runed translucent gate.
 55116 | Elf:1    | Found a runed translucent gate.
 55116 | Elf:1    | Found a runed translucent gate.
 55116 | Elf:1    | Found a runed translucent gate.
 55117 | Elf:1    | Found a runed translucent door.
 55133 | Elf:1    | Found a runed translucent door.
 55642 | Elf:1    | Noticed Asterion
 55645 | Elf:1    | Killed Asterion
 55921 | Elf:1    | Noticed Zenata
 55925 | Elf:1    | Killed Zenata
 56679 | Snake:4  | Killed mandarbmax's ghost
 57294 | Snake:3  | Killed Epnykkedd's ghost
 57296 | Snake:3  | Identified the ring of Sez Buts {rC- AC+4 Dex+5 Slay+3}
 58373 | Elf:1    | Found a shimmering blue altar of Sif Muna.
 59118 | Elf:2    | Found Ofaezeom's Magic Scroll Boutique.
 60077 | Elf:2    | Found a runed translucent gate.
 60078 | Elf:2    | Found a runed translucent gate.
 60078 | Elf:2    | Found a runed translucent gate.
 61152 | Elf:2    | Reached XP level 23. HP: 194/209 MP: 0/23
 61421 | Elf:3    | Entered Level 3 of the Elven Halls
 61940 | Elf:3    | Found a runed translucent gate.
 61941 | Elf:3    | Found a runed translucent gate.
 61942 | Elf:3    | Found a runed translucent gate.
 61942 | Elf:3    | Noticed dolemite99's ghost (adept HOFi)
 62131 | Elf:3    | Noticed Mara
 62135 | Elf:3    | Noticed cforsyth's illusion
 62166 | Elf:3    | Killed Mara
 63556 | Elf:3    | Noticed Donald
 63564 | Elf:3    | Killed Donald
 63804 | Elf:3    | Identified the +5 great mace "Yxump" {flame, *Slow rC+
                  | rCorr Dex+5}
 63804 | Elf:3    | Identified the ring of Xinushu {rPois rN+}
 63815 | Elf:3    | Identified the +3 glaive of Valiance {protect, Dex+5
                  | Stlth-}
 63962 | Elf:3    | Identified the +4 glaive of Fuyptil {heavy, *Rage Will+
                  | Str+3 Int+3}
 64470 | Elf:3    | Identified the +4 great sword of the Blowfly {heavy, rF+}
 64676 | Elf:3    | Identified the +0 chain mail of Pugil {rElec}
 64682 | Elf:3    | Identified the +8 whip "Xashruju" {freeze, rF+ rN+ Dex+5}
 64696 | Elf:3    | Identified the +8 spear of Peuhut {vamp, rF+ rC+}
 64791 | Elf:3    | Identified the staff of poison "Siavefaq" {rElec rPois
                  | rN++}
 64793 | Elf:3    | Identified the +6 hand axe of Supply {heavy, rCorr Str+3
                  | Int-3}
 64963 | Elf:3    | Gained mutation: You are very clumsy. (Dex -4) [mutagenic
                  | glow]
 64969 | Elf:3    | Killed dolemite99's ghost
 65123 | Elf:3    | Identified the +0 cloak "Guqubepp" {Int+4}
 65517 | Vaults:5 | Entered Level 5 of the Vaults
 65758 | Vaults:5 | Noticed an ancient lich
 66245 | Vaults:5 | Reached XP level 24. HP: 189/209 MP: 15/23
 66247 | Vaults:4 | Killed an ancient lich
 66631 | Vaults:5 | Identified the ring of Impatience {Fly Int+5}
 67164 | Vaults:4 | Gained mutation: You cannot be stealthy. [Ru sacrifice]
 67164 | Vaults:4 | Reached ****** piety under Ru
 67845 | Vaults:5 | Noticed a golden dragon
 67851 | Vaults:5 | Killed a golden dragon
 68002 | Vaults:5 | Acquired a manual of Evocations
 68026 | Vaults:5 | Reached skill level 1 in Evocations
 68186 | Vaults:5 | Identified the +3 mace "Moloryc" {venom, rN+ Dex+4}
 68588 | Vaults:5 | Got a silver rune of Zot
 68598 | Vaults:5 | Identified the staff of air "Wipnegitui" {rElec SInv}
 68714 | Vaults:5 | Identified the ring "Cawusoxt" {rC+ Will+}
 68963 | Vaults:5 | Noticed a dread lich
 68976 | Vaults:5 | Killed a dread lich
 69182 | Vaults:5 | Found Vaal's Magic Scroll Shop.
 69543 | Vaults:5 | Found the +10 Black Knight's barding {ponderous, rPois rN+}
 69545 | Vaults:5 | Identified the ring of Omaeruugu {*Corrode rF+ rC+ rN++}
 69550 | Vaults:5 | Identified the +15 plate armour "Geaqahel" {rPois rC+
                  | Slay-2}
 69557 | Vaults:5 | Got the Notes on Spectres
 69558 | Vaults:5 | Identified the +1 pair of boots of Depression {rC+}
 69956 | Depths:1 | Entered Level 1 of the Depths
 70400 | Depths:1 | Reached skill level 5 in Evocations
 70555 | Depths:1 | Found a white marble altar of Elyvilon.
 70563 | Depths:1 | Reached XP level 25. HP: 198/228 MP: 3/23
 71723 | Depths:1 | Found a one-way gate to the infinite horrors of the Abyss.
 71746 | Depths:1 | Found the +8 demon trident "Rift" {distort, reach+}
 71820 | Depths:1 | Found a gateway to Hell.
 71830 | Depths:1 | Identified the +8 demon trident "Ucsoaw" {venom, rC+}
 72838 | Depths:2 | Noticed a juggernaut
 72854 | Depths:2 | Killed a juggernaut
 73016 | Depths:2 | Noticed a caustic shrike
 73126 | Depths:2 | Killed a caustic shrike
 74515 | Depths:2 | Reached skill level 10 in Evocations
 74686 | Depths:2 | Found a one-way gate leading to the halls of Pandemonium.
 76346 | Depths:3 | Noticed a juggernaut
 76366 | Depths:3 | Killed a juggernaut
 76711 | Depths:3 | Identified the +11 great sword of the Ass {venom, rPois
                  | SInv}
 76724 | Depths:3 | Identified the staff of earth "Igemn" {Contam rElec Str+3
                  | Dex+5}
 77013 | Depths:3 | Reached XP level 26. HP: 239/239 MP: 5/23
 77542 | Depths:3 | Identified the +11 mace "Munauck" {freeze, rPois Str+8
                  | Int-2}
 77623 | Depths:3 | Found a one-way gateway to a ziggurat.
 77899 | Depths:3 | Found Ruthrehim's Antique Armour Emporium.
 78007 | Depths:4 | Entered Level 4 of the Depths
 79314 | Depths:4 | Noticed the Enchantress
 79356 | Depths:4 | Killed the Enchantress
 79922 | Depths:4 | Found a gate to the Realm of Zot.
 80720 | Depths:4 | Found Liotti's General Store.
 81045 | Depths:4 | Noticed Mennas
 81065 | Depths:4 | Killed Mennas
 81454 | Zot:1    | Entered Level 1 of the Realm of Zot
 81473 | Zot:1    | Found the +4 dragonskin cloak
 81473 | Zot:1    | Noticed Tiamat
 81497 | Zot:1    | Killed Tiamat
 81610 | Zot:1    | Reached skill level 27 in Armour
 82391 | Zot:1    | Reached skill level 27 in Fighting
 83554 | Zot:2    | Reached XP level 27. HP: 180/249 MP: 2/23
 85258 | Zot:2    | Slain by a cyan very ugly thing

Illustrated notes

Levels and vault maps discovered:
D:1:      minmay_arrival_arboretum_small, layout_loops_ring, serial_shops,
          nicolae_square_shop, shop, shop, roderic_serpentine_path,
          minmay_tetromino_s2
D:2:      layout_rooms, serial_undead, serial_undead_a, serial_undead_d,
          serial_undead_a, serial_undead_b, serial_undead_f, serial_undead_c,
          serial_undead_a, kennysheep_generic_room_7, uniq_sigmund, uniq_jessica
D:3:      layout_rooms, mainiacjoe_overflow_tiny_flanked
D:4:      layout_loops_corners, nicolae_concentric_dashed_squares_mild,
          minmay_misc_feat_diagonals, nicolae_shop_clearance, uniq_edmund,
          uniq_natasha
D:5:      layout_loops_ring, uniq_menkaure
D:6:      layout_rooms, mainiacjoe_overflow_six_doors_small, uniq_prince_ribbit1
D:7:      layout_basic, lemuel_crystal_altar, minmay_temple_entry_wispy,
          enter_bailey_7
D:8:      layout_loops_ring, serial_glass, glass_columns_a, glass_columns_b,
          glass_columns_a, glass_columns_a, glass_columns_a, glass_columns_a,
          glass_columns_a, glass_columns_b, glass_columns_a, glass_columns_b
D:9:      layout_long_grid, serial_shops, nicolae_stop_n_shop_2, uniq_grum
D:10:     layout_roguey, minmay_lair_entry_grove, serial_shops,
          nicolae_diamond_shop, special_room [special_room_bee],
          minmay_misc_feat_secret_circle, abandoned_shop, uniq_maurice,
          uniq_amaemon
D:11:     layout_rooms, gammafunk_ghost_cemetery
D:12:     layout_big_octagon
D:13:     minmay_inside_and_out, layout_basic, enter_trove_0
D:14:     layout_stronghold, grunt_vaults_entry_tiered, fedhas_altar_1,
          kennysheep_generic_room_9
D:15:     grunt_enter_depths_snipers, layout_cave_pools, basic_altar, laboratory
Temple:   nicolae_temple_bog_church
Lair:1:   layout_regular_city, serial_bayou_shore_a, lemuel_fruit_fields,
          grunt_megastairs_5
Lair:2:   layout_misc_corridors, nicolae_snake_entry_warm_welcome,
          nicolae_volcano_entry_s_turn, st_stairs_9, serial_bayou_shore_b,
          grunt_megastairs_3, serial_bayou_shore_b, infiniplex_staircase_pool_2
Lair:3:   layout_loops_ring, minmay_shoals_entry_centaurs,
          cheibrodos_lair_reptile_den
Lair:4:   layout_long_grid, slime_entry_1
Lair:5:   gammafunk_lair_ancient_temple, layout_regular_city
Shoals:1: layout_shoals, lemuel_altar_in_water,
          nicolae_shoals_beach_house_on_fowls_legs
Shoals:2: layout_shoals, nicolae_stop_n_shop_2, serial_nicolae_subway,
          nicolae_sub_station_stone, nicolae_sub_station_metal,
          nicolae_sub_station_crystal, uniq_aizul
Shoals:3: layout_shoals, nicolae_shoals_stone_sculpture_thing,
          nicolae_shoals_lost_giant_hut
Shoals:4: shoals_end_hellmonk_storm_palace [storm_palace_center_ruins,
          storm_palace_corner_narrow, storm_palace_corner_pillars,
          storm_palace_corner_pillars, storm_palace_corner_blocked], uniq_louise
Snake:1:  layout_basic, minmay_shop_star, uniq_kirke
Snake:2:  layout_onion, uniq_agnes, uniq_mlioglotl, uniq_roxanne
Snake:3:  layout_cave_shapes, gammafunk_ghost_berserking_beasts, st_stairs_9,
          nicolae_snake_serpentine_bazaar, uniq_saint_roka
Snake:4:  snake_pit, layout_cave_town, gammafunk_ghost_necromancy, serial_shops,
          shop, nicolae_snake_yet_another_twisty_hallway
Orc:1:    layout_diamond_mine, serial_shops, shop,
          portal_ice_cave_entry_pillars_1, mines_bat_river
Orc:2:    grunt_orc_gardens, layout_caves, grunt_orc_garden, grunt_orc_garden,
          grunt_orc_garden, grunt_orc_garden, nicolae_orc_tapped_out,
          uniq_jorgrun
Elf:1:    nicolae_elf_arrival_dilemma, layout_geoelf_grid, minmay_elf_sorcery,
          david_defended_altar_elf, uniq_asterion, uniq_zenata
Elf:2:    nicolae_elf_blades_crystal_corner, layout_onion_city, serial_shops,
          nicolae_shop_crystal
Elf:3:    minmay_elf_hall_circle, layout_gridlike, gammafunk_ghost_tricky_traps,
          minivault_24, uniq_mara, uniq_donald
Vaults:1: nicolae_vaults_little_squares_3, v_misc_3,
          hangedman_vaults_corner_blocks, v_misc_33, nicolae_vaults_asterisk,
          nicolae_vaults_what_the_h, grunt_vaults_focal, v_misc_16, v_misc_18,
          v_misc_19, dpeg_vaults_hating_casters,
          nicolae_vaults_mini_display_case, nicolae_vaults_little_squares_3,
          layout_vaults_ring
Vaults:2: vaults_dpeg_emergency_exit, v_misc_31, nicolae_vaults_halls_meeting,
          v_misc_1, minmay_crypt_entry_skeletal_spiral, vaults_mumra_chevron,
          v_misc_12, nicolae_vaults_circle_grid_b, v_rooms_2,
          ontoclasm_vaults_eye, layout_vaults_omnicross, serial_shops, shop,
          uniq_margery
Vaults:3: hangedman_vaults_cutoff, v_misc_1, nicolae_vaults_big_angled_halls,
          grunt_vaults_twisty, v_alt_pattern_5, ontoclasm_vaults_spin,
          vaults_mumra_lcd, layout_vaults_chaotic_city, serial_shops,
          nicolae_shop_stone
Vaults:4: ontoclasm_vaults_bender, nicolae_vaults_border_crossing, v_misc_27,
          grunt_vaults_funnel, nicolae_vaults_little_squares_6,
          nicolae_vaults_theta, v_pattern_1, vaults_room_hallway,
          vaults_room_hangedman_quadrants, layout_vaults_omnigrid, serial_shops,
          nicolae_diamond_shop
Vaults:5
Depths:1: layout_small_grid, nicolae_elyvilon_peaceful_grove,
          abyss_entry_crystal, hellmouth_1, kennysheep_small_square
Depths:2: nzn_winding_woodlands_stair_cross [nzn_winding_woodlands_5x15_default,
          nzn_winding_woodlands_center_garden, nzn_winding_woodlands_5x15_eye,
          nzn_winding_woodlands_5x5_three, nzn_winding_woodlands_hourglass,
          nzn_winding_woodlands_5x15_lazy_stream,
          nzn_winding_woodlands_center_pierced_h,
          nzn_winding_woodlands_5x15_concentric], layout_basic,
          rand_demon_pan_entry_7, nicolae_abyss_entry_one_way_or_another,
          serial_sigils_hangedman_shear, hell_entry,
          infiniplex_staircase_hallway_doors
Depths:3: minmay_strange_plus, layout_honeycomb, enter_ziggurat_f, abyss_entry,
          serial_shops, nicolae_lakefront_shop, rand_demon_pan_entry_3,
          pf_vacation_house_of_asmodeus, hex_tiny
Depths:4: grunt_zot_entry_hairpin, layout_long_grid, reono_crystal_passage,
          rand_demon_pan_entry_4, serial_shops, shop, grunt_hell_entry_dis_old,
          abyss_entry, uniq_enchantress, uniq_mennas
Zot:1:    kennysheep_ambush_hall, layout_misc_corridors, uniq_tiamat
Zot:2:    hangedman_orp_of_zott, layout_gridville

Skill      XL: |  1  2  3  4  5  6  7  8  9 10 11 12 13 14 15 16 17 18 19 20 21 22 23 24 25 26 27 |
---------------+----------------------------------------------------------------------------------+-----
Maces & Flails | 3 5 7 8 10 12 14 16 17 18 19 20 21 22 23 24 25 26 | 26.4
Fighting       | 4 5 6 7 9 12 14 16 17 18 19 21 22 23 24 25 26 27 | 27.0
Armour         | 5 8 10 12 14 15 16 18 20 22 23 24 25 26 27 | 27.0
Shields        | 6 9 14 17 20 21 | 21.3
Evocations     | 5 10 13 14 | 14.0

Action                     |  1- 3 |  4- 6 |  7- 9 | 10-12 | 13-15 | 16-18 | 19-21 | 22-24 | 25-27 || total
---------------------------+-------+-------+-------+-------+-------+-------+-------+-------+-------++-------
  Melee: Flail             |    62 |   199 |   112 |       |       |       |       |       |       ||   373
         Dire flail        |       |       |   222 |   687 |   166 |       |       |       |       ||  1075
         Great mace        |       |       |       |       |   730 |   790 |  1010 |   837 |   814 ||  4181
 Invoke: Sacrifice Love    |       |       |       |     1 |       |       |       |       |       ||     1
         Draw Out Power    |       |       |       |     1 |       |     1 |     1 |       |       ||     3
         Sacrifice Arcana  |       |       |       |     1 |       |       |       |       |       ||     1
         Reject Sacrifices |       |       |       |       |     2 |     2 |       |       |       ||     4
         Sacrifice Purity  |       |       |       |       |     1 |       |       |       |       ||     1
         Sacrifice Drink   |       |       |       |       |       |     1 |       |       |       ||     1
         Sacrifice Words   |       |       |       |       |       |       |     1 |       |       ||     1
         Apocalypse        |       |       |       |       |       |       |       |     3 |     2 ||     5
         Sacrifice Stealth |       |       |       |       |       |       |       |     1 |       ||     1
Ability: Dig               |       |       |       |       |       |       |     2 |     1 |       ||     3
  Evoke: Wand              |       |       |       |       |       |       |       |       |     5 ||     5
         Phial of floods   |       |       |       |       |       |       |       |       |     1 ||     1
    Use: Scroll            |       |       |     9 |     2 |    17 |    11 |     3 |     1 |     5 ||    48
         Potion            |       |       |     2 |     1 |     3 |     2 |       |     2 |     3 ||    13
   Stab: Invisible         |       |       |       |       |     4 |     4 |     4 |     2 |     5 ||    19
         Distracted        |       |       |       |       |     2 |     2 |     3 |     4 |     2 ||    13
         Paralysed         |       |       |       |       |       |       |       |     6 |    10 ||    16
 Armour: Scale mail        |    34 |   138 |    58 |       |       |       |       |       |       ||   230
         Chain mail        |       |       |    17 |    15 |   322 |   202 |       |       |       ||   556
         Plate armour      |       |       |       |   276 |    56 |    62 |   323 |   360 |   513 ||  1590
  Dodge: Dodged            |    30 |   121 |    85 |   163 |   244 |   311 |   289 |   250 |   344 ||  1837
  Block: Buckler           |    12 |    60 |    93 |    52 |       |       |       |       |       ||   217
         Reflection        |       |       |     2 |       |       |       |       |    75 |    20 ||    97
         Kite shield       |       |       |       |   216 |   665 |   521 |   581 |    42 |       ||  2025
         Tower shield      |       |       |       |       |       |       |       |   650 |   854 ||  1504

Table legend: (Time is in decaauts)
 A = Elapsed time spent in this place.
 B = Non-inter-level travel time spent in this place.
 C = Inter-level travel time spent in this place.
 D = Time resting spent in this place.
 E = Time spent auto-exploring this place.
 F = Levels seen in this place.
 G = Mean time per level.
                   A        B        C        D        E       F      G
               +--------+--------+--------+--------+--------+-----+--------+
         Total |  84673 |  80963 |   3710 |  16563 |  50664 |  49 | 1728.0 |
       Dungeon |  18272 |  17231 |   1041 |   3467 |  10495 |  15 | 1218.1 |
        Temple |    147 |    137 |     10 |    100 |     18 |   1 |  147.0 |
          Lair |   5324 |   4717 |    607 |    564 |   2885 |   5 | 1064.8 |
        Shoals |   6943 |   6824 |    119 |    878 |   5087 |   4 | 1735.8 |
     Snake Pit |   9941 |   9435 |    506 |   2916 |   4627 |   4 | 2485.2 |
  Orcish Mines |   2922 |   2587 |    335 |    485 |   1548 |   2 | 1461.0 |
   Elven Halls |   8882 |   8639 |    243 |    534 |   6937 |   3 | 2960.7 |
        Vaults |  14797 |  14290 |    507 |   2519 |  10085 |   5 | 2959.4 |
        Depths |  11791 |  11492 |    299 |   3093 |   7111 |   4 | 2947.8 |
           Zot |   3172 |   3133 |     39 |    867 |   1508 |   2 | 1586.0 |
         Trove |     71 |     71 |      0 |      0 |     25 |   1 |   71.0 |
        Bailey |   1673 |   1673 |      0 |    859 |    238 |   1 | 1673.0 |
      Ice Cave |    334 |    334 |      0 |    226 |      0 |   1 |  334.0 |
       Volcano |    396 |    396 |      0 |     54 |     97 |   1 |  396.0 |
               +--------+--------+--------+--------+--------+-----+--------+

Top non-repeatable levels by time:
Vaults:4: 4503 daAuts
Depths:4: 3979 daAuts
   Elf:3: 3677 daAuts
Depths:2: 3319 daAuts
Depths:1: 2963 daAuts
Vaults:2: 2963 daAuts
   Elf:2: 2957 daAuts
 Snake:2: 2920 daAuts
Vaults:3: 2624 daAuts
Shoals:4: 2563 daAuts
 Snake:4: 2519 daAuts
    D:14: 2512 daAuts
Vaults:1: 2505 daAuts
 Snake:3: 2504 daAuts
   Elf:1: 2247 daAuts
